AAA
RICHMOND RAMS @ FLAGSTAFF FLYERS
07/08/2059
 
TOP OF THE 1ST
Richmond Rams batting - Pitching for Flagstaff Flyers : RHP Raymond Barker
Pitching: RHP Raymond Barker
Batting: RHB Joey Shelton 0-0: Ball
1-0: Called Strike
1-1: Ball
2-1: Fly out, F8 (Flyball, 8LS, EV 92.5 MPH)
Batting: LHB Del Pripisnov 0-0: Ball
1-0: Swinging Strike
1-1: Foul Ball, location: 2F
1-2: SINGLE (Flyball, 6D, EV 94.4 MPH)
Batting: RHB Louis Hockney 0-0: Swinging Strike
0-1: Ball
1-1: Ball
2-1: Swinging Strike
2-2: Ball
3-2: DOUBLE (Line Drive, 89D, EV 107.5 MPH)
Del Pripisnov to third
Runner from 3rd tries for Home, throw by CF and OUT! 8-4-2
Louis Hockney to third
Batting: RHB Joseph Gazdaru 0-0: Ball
1-0: Swinging Strike
1-1: SINGLE (Line Drive, 3D, EV 95.0 MPH)
Louis Hockney scores
Batting: LHB Logan Sparks 0-0: Called Strike
0-1: Called Strike
0-2: Ball
1-2: Strikes out swinging
Top of the 1st over - 1 run, 3 hits, 0 errors, 1 left on base; Richmond 1 - Flagstaff 0
BOTTOM OF THE 1ST
Flagstaff Flyers batting - Pitching for Richmond Rams : RHP Casey Luder
Pitching: RHP Casey Luder
Batting: SHB Josiah Swallow 0-0: Ball
1-0: Ball
2-0: Ball
3-0: Base on Balls
Batting: LHB Jayden Sigmon 0-0: Called Strike
0-1: Ball
1-1: Ball
Josiah Swallow steals 2nd base
2-1: Ball
3-1: DOUBLE (Line Drive, 9LM, EV 103.8 MPH)
Josiah Swallow scores
Batting: LHB Kit Landry 0-0: Ball
1-0: Hit by Pitch
Batting: LHB Preston Hardcastle 0-0: Ball
1-0: Fly out, F7 (Flyball, 7S, EV 83.1 MPH)
Batting: RHB Lucas Sampley 0-0: Foul Ball, location: 2F
0-1: Called Strike
0-2: Ball
1-2: Ball
2-2: Foul Ball, location: 2F
2-2: Foul Ball, location: 2F
2-2: Foul Ball, location: 2F
2-2: Strikes out looking
Batting: RHB Scott McDonald 0-0: Fly out, F5 (Popup, 5S, EV 75.6 MPH)
Bottom of the 1st over - 1 run, 1 hit, 0 errors, 2 left on base; Richmond 1 - Flagstaff 1
TOP OF THE 2ND
Richmond Rams batting - Pitching for Flagstaff Flyers : RHP Raymond Barker
Batting: RHB Jeremy Hollabaugh 0-0: Ball
1-0: Ball
2-0: Ball
3-0: Called Strike
3-1: Foul Ball, location: 2F
3-2: Fly out, F9 (Flyball, 9D, EV 101.2 MPH)
Batting: LHB Jess Hajiev 0-0: Foul Ball, location: 2F
0-1: Ball
1-1: Foul Ball, location: 2F
1-2: Ball
2-2: SINGLE (Line Drive, 56D, EV 108.1 MPH)
Batting: RHB Tommy Dupree 0-0: Ball
Balk!
Jess Hajiev to second
1-0: Called Strike
1-1: Ball
2-1: Called Strike
2-2: Ground out 6-3 (Groundball, 6, EV 101.9 MPH)
Batting: LHB Devin Mucha 0-0: Swinging Strike
0-1: Ball
1-1: Swinging Strike
1-2: Ball
2-2: Strikes out swinging
Top of the 2nd over - 0 runs, 1 hit, 0 errors, 1 left on base; Richmond 1 - Flagstaff 1
BOTTOM OF THE 2ND
Flagstaff Flyers batting - Pitching for Richmond Rams : RHP Casey Luder
Batting: RHB Tom Matson 0-0: Called Strike
0-1: Foul Ball, location: 2F
0-2: Ball
1-2: Ball
2-2: Fly out, F8 (Flyball, 8RS, EV 83.1 MPH)
Batting: RHB Cliff Passarelli 0-0: Called Strike
0-1: Ball
1-1: Ground out U3 (Groundball, 34, EV 86.2 MPH)
Batting: RHB August Heaton 0-0: Called Strike
0-1: DOUBLE (Flyball, 8RXD, EV 91.9 MPH)
Batting: SHB Josiah Swallow 0-0: Foul Ball, location: 2F
0-1: Called Strike
0-2: Ball
1-2: 2-RUN HOME RUN (Flyball, 89XD, EV 105.6 MPH), Distance : 423 ft
Batting: LHB Jayden Sigmon 0-0: Ball
1-0: Ball
2-0: Fly out, F3 (Line Drive, 34, EV 76.2 MPH)
Bottom of the 2nd over - 2 runs, 2 hits, 0 errors, 0 left on base; Richmond 1 - Flagstaff 3
TOP OF THE 3RD
Richmond Rams batting - Pitching for Flagstaff Flyers : RHP Raymond Barker
Batting: RHB Joey Shelton 0-0: Called Strike
0-1: Ground out 5-3 (Groundball, 56, EV 101.2 MPH)
Batting: LHB Del Pripisnov 0-0: SINGLE (Flyball, 5D, EV 86.2 MPH)
Batting: RHB Louis Hockney 0-0: Called Strike
0-1: Foul Ball, location: 2F
0-2: Ball
1-2: SINGLE (Flyball, 89S, EV 92.5 MPH)
Del Pripisnov to second
Runner from 2nd tries for 3rd, SAFE, throw by RF made to third
Batting: RHB Joseph Gazdaru 0-0: 3-RUN HOME RUN (Flyball, 7D, EV 95.0 MPH), Distance : 369 ft
Batting: LHB Logan Sparks 0-0: Fly out, F8 (Flyball, 8RXD, EV 106.2 MPH)
Batting: RHB Jeremy Hollabaugh 0-0: Called Strike
0-1: Ball
1-1: Ball
2-1: Swinging Strike
2-2: Ball
3-2: Strikes out looking
Top of the 3rd over - 3 runs, 3 hits, 0 errors, 0 left on base; Richmond 4 - Flagstaff 3
BOTTOM OF THE 3RD
Flagstaff Flyers batting - Pitching for Richmond Rams : RHP Casey Luder
Batting: LHB Kit Landry 0-0: Called Strike
0-1: Foul Ball, location: 2F
0-2: Ball
1-2: Ball
2-2: Strikes out swinging
Batting: LHB Preston Hardcastle 0-0: Foul Ball, location: 2F
0-1: Called Strike
0-2: Ground out U3 (Groundball, 3, EV 108.8 MPH)
Batting: RHB Lucas Sampley 0-0: Called Strike
0-1: Ball
1-1: Ball
2-1: Foul Ball, location: 2F
2-2: Ground out U3 (Groundball, 3S, EV 90.6 MPH)
Bottom of the 3rd over - 0 runs, 0 hits, 0 errors, 0 left on base; Richmond 4 - Flagstaff 3
TOP OF THE 4TH
Richmond Rams batting - Pitching for Flagstaff Flyers : RHP Raymond Barker
Batting: LHB Jess Hajiev 0-0: Foul Ball, location: 2F
0-1: Swinging Strike
0-2: Ball
1-2: Ball
2-2: Foul Ball, location: 2F
2-2: Strikes out looking
Batting: RHB Tommy Dupree 0-0: Ground out U3 (Groundball, 3, EV 81.9 MPH)
Batting: LHB Devin Mucha 0-0: Called Strike
0-1: Ball
1-1: Ball
2-1: Swinging Strike
2-2: Ball
3-2: Base on Balls
Batting: RHB Joey Shelton 0-0: Called Strike
0-1: Called Strike
0-2: Strikes out swinging
Top of the 4th over - 0 runs, 0 hits, 0 errors, 1 left on base; Richmond 4 - Flagstaff 3
BOTTOM OF THE 4TH
Flagstaff Flyers batting - Pitching for Richmond Rams : RHP Casey Luder
Batting: RHB Scott McDonald 0-0: Called Strike
0-1: Fly out, F7 (Flyball, 7, EV 88.1 MPH)
Batting: RHB Tom Matson 0-0: Foul Ball, location: 2F
0-1: Swinging Strike
0-2: Strikes out looking
Batting: RHB Cliff Passarelli 0-0: Foul Ball, location: 2F
0-1: Ball
1-1: Ball
2-1: Foul Ball, location: 2F
2-2: Ground out 6-3 (Groundball, 6, EV 103.1 MPH)
Bottom of the 4th over - 0 runs, 0 hits, 0 errors, 0 left on base; Richmond 4 - Flagstaff 3
TOP OF THE 5TH
Richmond Rams batting - Pitching for Flagstaff Flyers : RHP Raymond Barker
Batting: LHB Del Pripisnov 0-0: Called Strike
0-1: Ball
1-1: Foul Ball, location: 2F
1-2: DOUBLE (Line Drive, 7LS, EV 111.2 MPH)
Batting: RHB Louis Hockney 0-0: Ball
1-0: Ball
2-0: Ball
3-0: Foul Ball, location: 2F
3-1: Base on Balls
Batting: RHB Joseph Gazdaru 0-0: Swinging Strike
0-1: Foul Ball, location: 2F
0-2: Foul Ball, location: 2F
0-2: Ball
1-2: Ball
2-2: Foul Ball, location: 2F
2-2: Ball
3-2: Base on Balls
Del Pripisnov to third
Louis Hockney to second
Pitching: LHP Trevor Huffman
Batting: LHB Logan Sparks 0-0: Called Strike
0-1: Ball
1-1: Called Strike
1-2: Ball
2-2: Ball
3-2: GRAND SLAM HOME RUN (Flyball, 9D, EV 93.8 MPH), Distance : 370 ft
Batting: RHB Jeremy Hollabaugh 0-0: Ball
1-0: Ball
2-0: Ground out 4-3 (Groundball, 4, EV 76.9 MPH)
Batting: LHB Jess Hajiev 0-0: Ball
1-0: Foul Ball, location: 2F
1-1: Foul Ball, location: 2F
1-2: Ball
2-2: Ball
3-2: SINGLE (Groundball, 25, EV 71.2 MPH) (infield hit)
Batting: RHB Tommy Dupree 0-0: Ball
1-0: Called Strike
Jess Hajiev is caught stealing 2nd base 2-4
1-1: Swinging Strike
1-2: Strikes out swinging
Top of the 5th over - 4 runs, 3 hits, 0 errors, 0 left on base; Richmond 8 - Flagstaff 3
BOTTOM OF THE 5TH
Flagstaff Flyers batting - Pitching for Richmond Rams : RHP Casey Luder
Batting: RHB August Heaton 0-0: Ball
1-0: Called Strike
1-1: Foul Ball, location: 2F
1-2: Strikes out swinging
Batting: SHB Josiah Swallow 0-0: Ball
1-0: Fly out, F7 (Flyball, 7, EV 89.4 MPH)
Batting: LHB Jayden Sigmon 0-0: Called Strike
0-1: Ball
1-1: Foul Ball, location: 2F
1-2: Foul Ball, location: 2F
1-2: Foul Ball, location: 2F
1-2: Ball
2-2: Foul Ball, location: 2F
2-2: TRIPLE (Flyball, 89XD, EV 104.4 MPH)
Batting: LHB Kit Landry 0-0: Called Strike
0-1: Called Strike
0-2: Ball
1-2: Ball
2-2: DOUBLE (Line Drive, 9LM, EV 100.6 MPH)
Jayden Sigmon scores
Batting: LHB Preston Hardcastle 0-0: Called Strike
0-1: Called Strike
0-2: Ball
Wild Pitch!
Kit Landry to third
1-2: Foul Ball, location: 2F
1-2: Reached on error, E4 (Groundball, 4, EV 98.1 MPH)
Kit Landry scores
Batting: RHB Lucas Sampley 0-0: SINGLE (Groundball, 6D, EV 106.9 MPH)
Preston Hardcastle to third
Pitching: RHP Grant Hall
Batting: RHB Scott McDonald 0-0: Ball
1-0: Called Strike
1-1: Called Strike
1-2: Strikes out swinging
Bottom of the 5th over - 2 runs, 3 hits, 1 error, 2 left on base; Richmond 8 - Flagstaff 5
TOP OF THE 6TH
Richmond Rams batting - Pitching for Flagstaff Flyers : LHP Trevor Huffman
Batting: LHB Devin Mucha 0-0: Ball
1-0: Ground out U3 (Groundball, 3L, EV 106.9 MPH)
Batting: RHB Joey Shelton 0-0: Ball
1-0: Foul Ball, location: 2F
1-1: Ball
2-1: Fly out, F7 (Line Drive, 78M, EV 105.6 MPH)
Batting: LHB Del Pripisnov 0-0: Called Strike
0-1: Foul Ball, location: 2F
0-2: Foul Ball, location: 2F
0-2: Strikes out looking
Top of the 6th over - 0 runs, 0 hits, 0 errors, 0 left on base; Richmond 8 - Flagstaff 5
BOTTOM OF THE 6TH
Flagstaff Flyers batting - Pitching for Richmond Rams : RHP Grant Hall
Batting: RHB Tom Matson 0-0: Ball
1-0: Ball
2-0: Foul Ball, location: 2F
2-1: Foul Ball, location: 2F
2-2: Foul Ball, location: 2F
2-2: Ball
3-2: Ground out 6-3 (Groundball, 6, EV 79.4 MPH)
Batting: RHB Cliff Passarelli 0-0: Called Strike
0-1: Ball
1-1: Called Strike
1-2: Strikes out looking
Batting: RHB August Heaton 0-0: Ball
1-0: Foul Ball, location: 2F
1-1: Ball
2-1: Ball
3-1: Base on Balls
Batting: SHB Josiah Swallow 0-0: Called Strike
0-1: Ground out 3-1 (Groundball, 34S, EV 92.5 MPH)
Bottom of the 6th over - 0 runs, 0 hits, 0 errors, 1 left on base; Richmond 8 - Flagstaff 5
TOP OF THE 7TH
Richmond Rams batting - Pitching for Flagstaff Flyers : LHP Trevor Huffman
Pitching: RHP Gregg Rich
Batting: RHB Louis Hockney 0-0: Foul Ball, location: 2F
0-1: Called Strike
0-2: Foul Ball, location: 2F
0-2: Ball
1-2: Ball
2-2: Strikes out swinging
Batting: RHB Joseph Gazdaru 0-0: Ball
1-0: Ball
2-0: Ball
3-0: Called Strike
3-1: Called Strike
3-2: Foul Ball, location: 2F
3-2: Base on Balls
Batting: LHB Logan Sparks 0-0: Called Strike
0-1: Called Strike
0-2: Strikes out swinging
Batting: RHB Jeremy Hollabaugh 0-0: Swinging Strike
0-1: Foul Ball, location: 2F
0-2: Fly out, F8 (Flyball, 78M, EV 87.5 MPH)
Top of the 7th over - 0 runs, 0 hits, 0 errors, 1 left on base; Richmond 8 - Flagstaff 5
BOTTOM OF THE 7TH
Flagstaff Flyers batting - Pitching for Richmond Rams : RHP Grant Hall
Now in LF: Jess Hajiev
Now in CF: Payton Howard
Batting: LHB Jayden Sigmon 0-0: Foul Ball, location: 2F
0-1: Ball
1-1: Ball
2-1: Swinging Strike
2-2: Strikes out swinging
Batting: LHB Kit Landry 0-0: Ball
1-0: Foul Ball, location: 2F
1-1: Fly out, F6 (Popup, 6, EV 60.0 MPH)
Batting: LHB Preston Hardcastle 0-0: Called Strike
0-1: Ground out 4-3 (Groundball, 4, EV 81.9 MPH)
Bottom of the 7th over - 0 runs, 0 hits, 0 errors, 0 left on base; Richmond 8 - Flagstaff 5
TOP OF THE 8TH
Richmond Rams batting - Pitching for Flagstaff Flyers : RHP Gregg Rich
Batting: LHB Jess Hajiev 0-0: Ball
1-0: DOUBLE (Line Drive, 89D, EV 103.8 MPH)
Batting: RHB Tommy Dupree 0-0: Fly out, F8 (Flyball, 8RXD, EV 88.1 MPH)
Runner from 2nd tags up, SAFE at 3rd, no throw by CF
Batting: LHB Devin Mucha 0-0: SINGLE (Groundball, 6M, EV 81.2 MPH) (infield hit)
Jess Hajiev scores
Batting: RHB Joey Shelton 0-0: Ball
1-0: DOUBLE (Line Drive, 7LS, EV 93.8 MPH)
Devin Mucha to third
Batting: LHB Del Pripisnov 0-0: Called Strike
0-1: Ball
1-1: Ball
2-1: Called Strike
2-2: Ground out U3 (Groundball, 34S, EV 63.1 MPH)
Devin Mucha scores
Joey Shelton to third
Batting: RHB Payton Howard 0-0: Called Strike
0-1: Ball
1-1: Foul Ball, location: 2F
1-2: Ball
2-2: Strikes out swinging
Top of the 8th over - 2 runs, 3 hits, 0 errors, 1 left on base; Richmond 10 - Flagstaff 5
BOTTOM OF THE 8TH
Flagstaff Flyers batting - Pitching for Richmond Rams : RHP Grant Hall
Batting: RHB Lucas Sampley 0-0: Foul Ball, location: 2F
0-1: Foul Ball, location: 2F
0-2: Ball
1-2: Strikes out swinging
Batting: RHB Scott McDonald 0-0: Ball
1-0: Swinging Strike
1-1: Foul Ball, location: 2F
1-2: Strikes out swinging
Batting: RHB Tom Matson 0-0: Ground out 6-3 (Groundball, 6, EV 80.0 MPH)
Bottom of the 8th over - 0 runs, 0 hits, 0 errors, 0 left on base; Richmond 10 - Flagstaff 5
TOP OF THE 9TH
Richmond Rams batting - Pitching for Flagstaff Flyers : RHP Gregg Rich
Batting: RHB Joseph Gazdaru 0-0: Swinging Strike
0-1: Fly out, F3 (Line Drive, 34, EV 63.1 MPH)
Batting: LHB Logan Sparks 0-0: Called Strike
0-1: Called Strike
0-2: Foul Ball, location: 2F
0-2: Ball
1-2: Strikes out swinging
Batting: RHB Jeremy Hollabaugh 0-0: Fly out, F8 (Flyball, 8LS, EV 73.1 MPH)
Top of the 9th over - 0 runs, 0 hits, 0 errors, 0 left on base; Richmond 10 - Flagstaff 5
BOTTOM OF THE 9TH
Flagstaff Flyers batting - Pitching for Richmond Rams : RHP Grant Hall
Batting: RHB Cliff Passarelli 0-0: Ball
1-0: Ball
2-0: SINGLE (Groundball, 56D, EV 97.5 MPH)
Pitching: RHP Cole Carroll
Batting: RHB August Heaton 0-0: Called Strike
0-1: Ball
1-1: Called Strike
1-2: Strikes out swinging
Batting: SHB Josiah Swallow 0-0: Ball
1-0: Swinging Strike
1-1: DOUBLE (Flyball, 8LXD, EV 91.9 MPH)
Cliff Passarelli to third
Batting: LHB Jayden Sigmon 0-0: Ball
1-0: Called Strike
1-1: Ball
2-1: Foul Ball, location: 2F
2-2: Foul Ball, location: 2F
2-2: Ball
3-2: Base on Balls
Batting: LHB Kit Landry 0-0: Ball
1-0: Called Strike
1-1: Swinging Strike
1-2: SINGLE (Line Drive, 3L, EV 96.9 MPH)
Cliff Passarelli scores
Josiah Swallow to third
Jayden Sigmon to second
Pitching: RHP Maverick Rioux
Batting: LHB Preston Hardcastle 0-0: Ball
1-0: Foul Ball, location: 2F
1-1: Called Strike
1-2: Ground out 4-3 (Groundball, 4S, EV 64.4 MPH)
Josiah Swallow scores
Jayden Sigmon to third
Kit Landry to second
Batting: LHB Shawn Tuttle 0-0: Foul Ball, location: 2F
0-1: DOUBLE (Groundball, 3L, EV 103.8 MPH)
Jayden Sigmon scores
Kit Landry scores
Pinch Hitting: SHB Joel Elvidge 0-0: Foul Ball, location: 2F
0-1: Foul Ball, location: 2F
0-2: Foul Ball, location: 2F
0-2: Foul Ball, location: 2F
0-2: Ball
1-2: 2-RUN HOME RUN (Flyball, 9LD, EV 90.6 MPH), Distance : 338 ft
Bottom of the 9th over - 6 runs, 5 hits, 0 errors, 0 left on base; Richmond 10 - Flagstaff 11
Wednesday, March 13th , 2024 - OOTP Baseball 23.10 Build 110